 Dungeon Crawl Stone Soup version 0.18.1-48-g4cf74bf (webtiles) character file.

4029 theElss the Destroyer (level 10, -2/56 HPs)
             Began as a High Elf Conjurer on July 12, 2016.
             Was a Follower of Vehumet.
             Slain by a troll (9 damage)
             ... on level 8 of the Dungeon.
             The game lasted 00:49:39 (11846 turns).

theElss the Destroyer (High Elf Conjurer)          Turns: 11846, Time: 00:49:39

Health: -2/56      AC: 10    Str: 18    XL:     10   Next: 4%
Magic:  2/25       EV: 13    Int: 21    God:    Vehumet [*.....]
Gold:   298        SH:  0    Dex: 11    Spells: 6 memorised, 14 levels left

rFire  . . .     SeeInvis .     E - +1 mace of the Blowfly {elec, +Blink Str+9 Dex-5} (curse)
rCold  + . .     Gourm    .     x - +2 leather armour {rPois}
rNeg   . . .     Faith    .     (no shield)
rPois  +         Spirit   .     y - +0 helmet
rElec  .         Dismiss  .     D - +2 cloak
rCorr  +         Reflect  .     z - +0 pair of gloves
SustAt .         Harm     .     (no boots)
MR     +....                    (no amulet)
Stlth  ++........               F - ring of protection from cold
                                q - ring of resist corrosion

@: somewhat resistant to hostile enchantments, unstealthy
A: no striking features
a: Renounce Religion, Evoke Blink


You were on level 8 of the Dungeon.
You worshipped Vehumet.
Vehumet was aware of your devotion.
You were not hungry.

You visited 2 branches of the dungeon, and saw 10 of its levels.
You also visited: Sewer.

You collected 454 gold pieces.
You spent 156 gold pieces at shops.

Inventory:

Hand Weapons
 d - a +0 dagger of electrocution
 E - the cursed +1 mace of the Blowfly (weapon) {elec, +Blink Str+9 Dex-5}
   (You found it on level 7 of the Dungeon)

   Occasionally, upon striking a foe, it will discharge some electrical energy
   and cause terrible harm.
   It affects your strength (+9).
   It affects your dexterity (-5).
   It lets you blink.
   It has a curse placed upon it.
Armour
 x - a +2 leather armour of poison resistance (worn)
 y - a +0 helmet (worn)
 z - a +0 pair of gloves (worn)
 D - a +2 cloak (worn)
Magical Staves
 A - an uncursed staff of death
Jewellery
 k - an uncursed amulet of faith
 q - a ring of resist corrosion (left hand)
 v - an uncursed ring of poison resistance
 F - a ring of protection from cold (right hand)
Wands
 n - a wand of slowing (26/48)
 I - a wand of iceblast (5/15)
Scrolls
 f - a scroll of fear {unknown}
 g - 2 scrolls of identify
 j - 4 scrolls of recharging
 m - a scroll of acquirement {unknown}
 o - 6 scrolls of remove curse
 s - a scroll of enchant armour {unknown}
 u - 4 scrolls of amnesia
 w - a scroll of fog {unknown}
 J - a scroll of teleportation {unknown}
Potions
 a - 3 potions of cancellation
 e - 2 potions of lignification {unknown}
 l - a potion of resistance
 p - a potion of haste
 r - 3 potions of heal wounds
 t - 4 potions of might
 B - 3 potions of curing
 H - a potion of mutation {unknown}
Books
 b - a book of Conjurations

   Spells                             Type                      Level
   a - Magic Dart                     Conjuration                  1
   b - Searing Ray                    Conjuration                  2
   c - Dazzling Spray                 Conjuration/Hexes            3
   d - Fulminant Prism                Conjuration/Hexes            4
   e - Iskenderun's Mystic Blast      Conjuration                  4
   f - Iskenderun's Battlesphere      Conjuration/Charms           5
 C - a Young Poisoner's Handbook

   Spells                             Type                      Level
   a - Sting                          Conjuration/Poison           1
   b - Cure Poison                    Poison                       2
   c - Mephitic Cloud                 Conjuration/Poison/Air       3
   d - Olgreb's Toxic Radiance        Poison                       4
   e - Venom Bolt                     Conjuration/Poison           5
 M - a Necronomicon

   Spells                             Type                      Level
   a - Haunt                          Necromancy/Summoning         7
   b - Borgnjor's Revivification      Necromancy                   8
   c - Death's Door                   Charms/Necromancy            8
   d - Necromutation                  Transmutation/Necromancy     8
Comestibles
 c - 10 bread rations
 h - 4 meat rations
 i - 5 beef jerkies
 G - 7 slices of pizza
 K - 8 chunks of flesh
 L - 3 fruits


   Skills:
 - Level 5.2 Dodging
 - Level 2.1 Stealth
 - Level 10.9 Spellcasting
 - Level 11.1 Conjurations
 - Level 0.8 Charms
 + Level 2.0 Fire Magic


You had 14 spell levels left.
You knew the following spells:

 Your Spells              Type           Power        Failure   Level  Hunger
a - Magic Dart            Conj           ####         1%          1    None
b - Iskenderun's Battles  Conj/Chrm      #####...     17%         5    ####...
c - Searing Ray           Conj           ######       1%          2    None
d - Iskenderun's Mystic   Conj           ######..     1%          4    ##.....
e - Flame Tongue          Conj/Fire      #####        1%          1    None
f - Mephitic Cloud        Conj/Pois/Air  ####....     6%          3    None


Dungeon Overview and Level Annotations

Branches:
Dungeon (9/15)             Temple (1/1) D:7            Lair (0/8) D:8
    Orc: D:9-12

Altars:
Ashenzari
Cheibriados
Dithmenos
Elyvilon
Gozag
Kikubaaqudgha
Makhleb
Nemelex Xobeh
Okawaru
Pakellas
Qazlal
Ru
Sif Muna
Trog
Vehumet
Xom
Yredelemnul
Zin
The Shining One

Shops:
D:4 **   D:5 *

Annotations:
D:6 Prince Ribbit


Message History

Confirm with . or Enter, or press ? or * to list all spells.
Aiming: Iskenderun's Mystic Blast
Press: ? - help, Shift-Dir - straight line, f/p - troll
Aim: a troll (moderately wounded)
The orb of energy hits the troll.
The troll is heavily wounded.
The orb of energy explodes!
The troll bites you.
* * * LOW HITPOINT WARNING * * *
The troll closely misses you. x2
Some of the chunks of flesh in your inventory have rotted away.
You see here a potion of cancellation.
Found a stone staircase leading up.
There is a stone staircase leading up here.
The troll bites you but does no damage. The troll closely misses you.
The troll claws you!
* * * LOW HITPOINT WARNING * * *
You climb upwards.
There is a stone staircase leading down here.
The troll bites you!
You die...

.#.# #..#.....# #. .#.#
#..##.###############. .#.#
#..................... .#.#
###.#.################ .#.#
#.#.##............# ...#
#...##...########.# ...#
##..##...# #.# ...# #..##...#
#.# ...############.@##...# #.#
...............T>##...# #.#
...#################'## #.# ...#
#.# #.# .[.# #.#########.# ...#
#.#.........# ...# #.#.#########
##.#################.#.#######.#
#.......))..........#.#.......#


You could see a troll.

Vanquished Creatures
  A human (D:8)
  A hog (D:8)
  A hippogriff (D:9)
  2 ice beasts
  An orc warrior (D:7)
  3 phantoms
  3 sky beasts
  A black bear (D:9)
  An ogre (D:5)
  The ghost of raikaria the Poker, an amateur MfGl of Dithmenos (D:4)
  2 centaurs
  A big kobold (D:7)
  7 giant frogs
  A wyvern zombie (D:7)
  2 scorpions
  9 killer bees (D:8)
  3 howler monkeys
  3 crimson imps
  A quasit (D:8)
  5 hounds
  4 giant frog skeletons
  Crazy Yiuf (D:7)
  A centaur skeleton (D:4)
  3 orc wizards (D:7)
  3 iguanas
  Ijyb (D:2)
  Terence (D:2)
  4 worker ants
  3 sheep (D:8)
  2 hound zombies
  A hound skeleton (D:7)
  7 gnolls
  16 adders
  A shadow imp (D:8)
  An adder zombie (D:9)
  2 adder skeletons
  2 worms
  2 dart slugs
  13 giant geckos
  15 orcs
  6 ball pythons
  16 giant cockroaches
  10 goblins
  9 hobgoblins
  5 jackals
  10 kobolds
  2 quokkas (D:3)
  9 bats
  20 giant newts
  A jackal skeleton (D:7)
  2 quokka skeletons
  9 rats
231 creatures vanquished.

Notes
Turn   | Place    | Note
--------------------------------------------------------------
     0 | D:1      | theElss the High Elf Conjurer began the quest for the Orb.
     0 | D:1      | Reached XP level 1. HP: 11/11 MP: 4/4
   184 | D:1      | Reached XP level 2. HP: 17/17 MP: 4/6
   188 | D:1      | Learned a level 2 spell: Searing Ray
   256 | D:1      | Reached skill level 5 in Conjurations
   493 | D:1      | Reached XP level 3. HP: 21/21 MP: 6/8
  1458 | D:2      | Reached XP level 4. HP: 27/27 MP: 5/9
  1469 | D:2      | Learned a level 4 spell: Iskenderun's Mystic Blast
  1814 | D:2      | Noticed Ijyb
  1819 | D:2      | Killed Ijyb
  2011 | D:2      | Reached skill level 6 in Conjurations
  2011 | D:2      | Reached XP level 5. HP: 31/31 MP: 5/11
  2353 | D:2      | Found a white marble altar of Elyvilon.
  2394 | D:2      | Found a burning altar of Makhleb.
  2476 | D:2      | Noticed Terence
  2478 | D:2      | Killed Terence
  3038 | D:3      | Reached XP level 6. HP: 36/36 MP: 8/13
  3442 | D:4      | Found Gozag's Platinum Reserve.
  3447 | D:4      | Found an opulent altar of Gozag.
  3474 | D:4      | Found a basalt altar of Yredelemnul.
  3477 | D:4      | Found a glowing golden altar of the Shining One.
  3492 | D:4      | Found a glowing drain.
  3514 | D:4      | Reached skill level 5 in Spellcasting
  3567 | Sewer    | Entered a sewer
  3815 | Sewer    | Reached skill level 7 in Conjurations
  3948 | Sewer    | Reached XP level 7. HP: 25/41 MP: 5/16
  4287 | D:4      | Found a shattered altar of Ashenzari.
  4384 | D:4      | Noticed raikaria's ghost (amateur MfGl)
  4392 | D:4      | Killed raikaria's ghost
  4659 | D:4      | Found an ancient bone altar of Kikubaaqudgha.
  4816 | D:4      | Found Geyfoheosy's Assorted Antiques.
  4933 | D:4      | Noticed an angel
  4945 | D:4      | Noticed a profane servitor
  5250 | D:5      | Entered Level 5 of the Dungeon
  5257 | D:5      | Reached skill level 8 in Conjurations
  5676 | D:5      | Noticed Prince Ribbit
  5710 | D:5      | Learned a level 5 spell: Iskenderun's Battlesphere
  5766 | D:5      | Found Nueril's General Store.
  5771 | D:5      | Bought 2 potions of heal wounds for 130 gold pieces
  5771 | D:5      | Bought a scroll of identify for 26 gold pieces
  6007 | D:5      | Reached XP level 8. HP: 46/46 MP: 14/19
  6453 | D:5      | Found a stormy altar of Qazlal.
  6801 | D:6      | Reached skill level 9 in Conjurations
  6947 | D:6      | Found an iron altar of Okawaru.
  7522 | D:6      | Found an oddly glowing altar of Pakellas.
  7734 | D:7      | Noticed Crazy Yiuf
  7740 | D:7      | Killed Crazy Yiuf
  7749 | D:7      | Got a crystal mace
  7750 | D:7      | Identified the cursed +1 mace of the Blowfly {elec, +Blink Str+9 Dex-5} (You found it on level 7 of the Dungeon)
  8087 | D:7      | Reached XP level 9. HP: 51/51 MP: 9/23
  8276 | D:7      | Found a glowing silver altar of Zin.
  8407 | D:7      | Found a staircase to the Ecumenical Temple.
  8456 | Temple   | Entered the Ecumenical Temple
  8670 | Temple   | Became a worshipper of Vehumet
  9096 | D:7      | Reached skill level 10 in Conjurations
  9772 | D:8      | Found a staircase to the Lair.
  9847 | D:8      | Found a deep blue altar of Sif Muna.
  9883 | D:8      | Found a sacrificial altar of Ru.
  9887 | D:8      | Found a shadowy altar of Dithmenos.
  9904 | D:8      | Reached skill level 10 in Spellcasting
 10672 | D:8      | Reached skill level 5 in Dodging
 11322 | D:9      | Reached skill level 11 in Conjurations
 11376 | D:9      | Reached * piety under Vehumet
 11376 | D:9      | Offered knowledge of Flame Tongue by Vehumet.
 11384 | D:9      | Learned a level 1 spell: Flame Tongue
 11388 | D:9      | Learned a level 3 spell: Mephitic Cloud
 11682 | D:9      | Reached skill level 1 in Fire Magic
 11682 | D:9      | Reached XP level 10. HP: 51/56 MP: 18/25
 11846 | D:8      | Slain by a troll

Skill      XL: |  1  2  3  4  5  6  7  8  9 10 |
---------------+-------------------------------+-----
Conjurations   | 5 6 7 8 9 11 | 11.1
Spellcasting   | 3 4 5 7 9 10 | 10.9
Dodging        | 3 4 5 |  5.2
Fire Magic     | 1 2 |  2.0
Stealth        | |  2.1
Charms         | |  0.8

Action                   |  1- 3 |  4- 6 |  7- 9 | 10-12 || total
-------------------------+-------+-------+-------+-------++-------
Melee: Dagger            |       |       |     1 |       ||     1
       Mace              |       |       |     1 |       ||     1
 Cast: Magic Dart        |    77 |   106 |   164 |    17 ||   364
       Searing Ray       |     3 |    17 |    72 |     3 ||    95
       Iskenderun's Myst |       |       |    27 |     2 ||    29
       Mephitic Cloud    |       |       |     1 |       ||     1
       Iskenderun's Batt |       |       |     1 |       ||     1
  Use: Potion            |       |       |     2 |       ||     2
       Scroll            |       |       |     8 |       ||     8
  Eat: Chunk             |     2 |     8 |    22 |     1 ||    33
       Royal jelly       |       |       |     1 |       ||     1
       Pizza             |       |       |     1 |       ||     1
Armor: Robe              |     8 |     5 |     1 |       ||    14
       Leather armour    |       |       |    35 |     6 ||    41
Dodge: Dodged            |    15 |    23 |    60 |    14 ||   112
